 Dungeon Crawl Stone Soup version 0.29.1-13-g9f3cf754e1 (webtiles) character file.

Game seed: 18086015947324792911

21 theswoord the Chiller (level 2, -5/22 HPs)
             Began as a Naga Ice Elementalist on Feb 4, 2023.
             Slain by Jessica
             ... wielding a +9 club
              (6 damage)
             ... on level 2 of the Dungeon.
             The game lasted 00:01:34 (1662 turns).

theswoord the Chiller (Naga Ice Elementalist)       Turns: 1662, Time: 00:01:35

Health: -5/22      AC:  1    Str: 10    XL:     2   Next: 87%
Magic:  2/5        EV: 10    Int: 15    God:
Gold:   62         SH:  0    Dex: 17    Spells: 5/6 levels left

rFire   . . .      SeeInvis +   d - +2 whip (elec)
rCold   . . .      Faith    .   (no shield)
rNeg    . . .      Spirit   .   a - +0 robe
rPois   +          Reflect  .   (no helmet)
rElec   .          Harm     .   (no cloak)
rCorr   .          Rampage  .   (no gloves)
Will    .....                   (no barding)
Stlth   ++........              (no amulet)
HPRegen 0.07/turn               h - +6 ring of dexterity
MPRegen 0.09/turn               (no ring)

@: very slow
A: AC +0, large, see invisible, deformed body, poison resistance, slowness 2,
spit poison 1, naga tail 1
a: Spit Poison


You were on level 2 of the Dungeon.
You visited 1 branch of the dungeon, and saw 2 of its levels.

You collected 62 gold pieces.

Inventory:

Hand Weapons
 d - a +2 whip of electrocution (weapon)
 g - a +0 spear
Armour
 a - a +0 robe (worn)
Jewellery
 h - a +6 ring of dexterity (left hand)
Scrolls
 f - a scroll of identify
Potions
 b - 2 potions of magic
 c - a potion of heal wounds {unknown}
 e - a potion of curing


   Skills:
 - Level 1.5 Dodging
 - Level 3.0 Stealth
 + Level 2.6 Spellcasting
 + Level 4.4 Ice Magic


You had 5 spell levels left.
You knew the following spells:

 Your Spells              Type           Power      Damage    Failure   Level
a - Freeze                Ice            60%        1d8       3%          1

Your spell library contained the following spells:

 Spells                   Type           Power      Damage    Failure   Level
 Frozen Ramparts          Ice            30%        1d5       11%         3
 Ozocubu's Armour         Ice            15%        N/A       11%         3
 Hailstorm                Conj/Ice       8%         3d4       63%         4


Dungeon Overview and Level Annotations

Branches:
Dungeon (2/15)

Altars:

Annotations:
D:2 Jessica, Robin


Innate Abilities, Weirdness & Mutations

Your serpentine skin is tough. (AC +0)
You have supernaturally acute eyesight. (SInv)
Armour fits poorly on your strangely shaped body.
Your system is resistant to poisons. (rPois)
You cover ground very slowly.
You can spit poison.
You have a snake-like lower body.


Message History

Jessica is nearby!
Jessica is nearby!
Casting: Freeze (safe; 3% risk of failure)
Confirm with . or Enter, or press ? or * to list all spells.
Aiming: Freeze (safe; 3% risk of failure)
Press: ? - help, Shift-Dir - straight line, f - Jessica
Aim: Jessica, wielding a +9 club and wearing a +0 robe (asleep)
You freeze Jessica.
Jessica shouts!
Jessica is lightly wounded.
Jessica gestures at you while chanting. Pain shoots through your body!
Ouch! That really hurt!
* * * LOW HITPOINT WARNING * * *
You hit Jessica.
Jessica is heavily wounded.
Jessica hits you with a +9 club!
* * * LOW HITPOINT WARNING * * *
You closely miss Jessica.
Jessica is heavily wounded.
Jessica gestures wildly while chanting.
Jessica blinks!
Casting: Freeze (safe; 3% risk of failure)
Confirm with . or Enter, or press ? or * to list all spells.
Aiming: Freeze (safe; 3% risk of failure)
Press: ? - help, Shift-Dir - straight line, f/p - Jessica
Aim: Jessica, wielding a +9 club and wearing a +0 robe (heavily wounded)
You freeze Jessica.
Jessica is severely wounded.
Jessica closely misses you.
Unknown command.
Casting: Freeze (safe; 3% risk of failure)
Confirm with . or Enter, or press ? or * to list all spells.
Aiming: Freeze (safe; 3% risk of failure)
Press: ? - help, Shift-Dir - straight line, f/p - Jessica
Aim: Jessica, wielding a +9 club and wearing a +0 robe (severely wounded)
You freeze Jessica.
Jessica is severely wounded.
Jessica hits you with a +9 club.
You die...

,*...,,,,.....#....,,,,,*,*
,##..##***#.#...###,*,***,*
,,....#####.......#,*<,,*,*
***#..#.......###.#,*,*,*,*
*#.#.........#.#,*,*,*,*
#####>....#..##.#.#,*,*,*,*
...#......#..#..#.#,,,,,*,*
...'......#..##.#.###.##*,*
...#...##.#.....@@.......,*
####...##.#.#########.###**
###....#..,,,,,,,*,*
*........******,*,*
*......,,* *,*,* *,.....,,*
*,*,* *,,,...,,* *,*,*
*,,,,,,,,* *,*,* **+*******
*,*,*


You could see Jessica.

Vanquished Creatures
  A worm (D:2)
  2 endoplasms
  7 goblins (D:2)
  A hobgoblin (D:1)
  A quokka (D:2)
  A ball python (D:2)
  A bat (D:1)
  A kobold (D:2)
  A rat (D:1)
16 creatures vanquished.

Vanquished Creatures (others)
  A goblin (D:2)
1 creature vanquished.

Grand Total: 17 creatures vanquished

Notes
Turn   | Place    | Note
-------+----------+-------------------------------------------
     0 | D:1      | theswoord the Naga Ice Elementalist began the quest for the
                  | Orb.
     0 | D:1      | Reached XP level 1. HP: 15/15 MP: 3/3
   495 | D:1      | Found a faded altar of an unknown god.
  1171 | D:2      | Reached XP level 2. HP: 22/22 MP: 5/5
  1224 | D:2      | Noticed Robin
  1654 | D:2      | Noticed Jessica
  1658 | D:2      | HP: 1/22 [Jessica/+9 club (10)]
  1662 | D:2      | Slain by Jessica

Action                   || total
-------------------------++-------
Melee: Spear             ||    20
       Unarmed           ||     3
       Whip              ||     2
 Cast: Freeze            ||    15
  Use: Scroll            ||     4
       Potion            ||     1
 Stab: Sleeping          ||     3
Armor: Robe              ||     2
Dodge: Dodged            ||    13

Levels and vault maps discovered:
D:1:      wander_arrival_peaceful_grave, layout_basic,
          shapermc_ecumenical_altar_mp_highgroup
D:2:      layout_basic, uniq_robin, uniq_jessica
